 Seeded DCSS version 0.30-a0-170-g85af917532 (webtiles) character file.

Game seed: 17909409691759101759 (custom seed)

10 gzilladon the Chopper (level 2, -2/27 HPs)
             Began as a Hill Orc Monk on Sept 30, 2022.
             Was a Believer of Beogh.
             Slain by an adder (3 damage)
             ... on level 3 of the Dungeon.
             The game lasted 00:01:01 (315 turns).

gzilladon the Chopper (Hill Orc Monk)                Turns: 315, Time: 00:01:03

Health: -2/27      AC:  2    Str: 13    XL:     2   Next: 20%
Magic:  2/2        EV: 12    Int: 10    God:    Beogh [**....]
Gold:   12         SH:  0    Dex: 13    Spells: 1/1 levels left

rFire   . . .      SeeInvis .    a - +0 hand axe
rCold   . . .      Faith    .    (no shield)
rNeg    . . .      Spirit   .    b - +0 robe
rPois   .          Reflect  .    (no helmet)
rElec   .          Harm     .    (no cloak)
rCorr   .          Rampage  .    (no gloves)
Will    .....                    (no boots)
Stlth   +.........               (no amulet)
HPRegen 0.09/turn                (no ring)
MPRegen 0.08/turn                (no ring)

@: confused, lethally poisoned (-2 -> -11), ambrosia-drunk
A: no striking features
a: Renounce Religion, Smiting


You were on level 3 of the Dungeon.
You worshipped Beogh.
Beogh was pleased with you.
You visited 1 branch of the dungeon, and saw 3 of its levels.

You collected 12 gold pieces.

Inventory:

Hand Weapons
 a - a +0 hand axe (weapon)
Armour
 b - a +0 robe (worn)
Scrolls
 d - a scroll of amnesia {unknown}


   Skills:
 + Level 3.8 Fighting
 * Level 4.5 Axes
 + Level 2.5 Dodging
 + Level 1.6 Stealth


You had one spell level left.
You didn't know any spells.
Your spell library was empty.

Dungeon Overview and Level Annotations

Branches:
Dungeon (3/15)

Altars:


Message History

* * * LOW HITPOINT WARNING * * *
The adder barely misses you.
A bat comes into view.
The orc hits the jackal with a +0 hand axe!
The jackal dies!
The orc misses the jackal.
The orc misses the adder.
The jackal bites you but does no damage.
The adder bites you but does no damage. The adder attacks as you move away!
The adder bites you.
* * * LOW HITPOINT WARNING * * *
The jackal attacks as you move away!
The jackal bites you but does no damage.
You feel sick.
The orc dies!
The adder closely misses you.
Unknown command.
The adder attacks as you move away! The adder bites you.
* * * LOW HITPOINT WARNING * * *
You are more poisoned.
The adder poisons you!
* * * LOW HITPOINT WARNING * * *
You feel very sick. The adder bites you.
* * * LOW HITPOINT WARNING * * *
The jackal barely misses you.
You bump into the rock wall.
* * * LOW HITPOINT WARNING * * *
You feel sick. The adder closely misses you. The adder bites you.
* * * LOW HITPOINT WARNING * * *
The jackal closely misses you. The adder bites you.
* * * LOW HITPOINT WARNING * * *
You are more poisoned.
The adder poisons you!
You hit the adder.
The adder is heavily wounded.
You hit the adder. You barely miss the jackal.
* * * LOW HITPOINT WARNING * * *
You feel very sick. The adder bites you.
You die...

..... ..... .#
~..... .#
..~.... .#
..~....## .#
~~...!..# .#
⌠...o...##)#
..~~.o..@#.#####
~~..~..SSh.....#
....~..oo..###.#
..~~..)†...#
.~~....<.:.#
~~~###)...## ~~
#....## .....##
#######


You could see 2 adders, an orc, a jackal, a neutral orc priest (wandering) and 2
neutral orcs.

Vanquished Creatures
  A gnoll (D:1)
  A jackal (D:3)
2 creatures vanquished.

Vanquished Creatures (others)
  An orc (D:3)
  A jackal (D:3)
  A kobold (D:3)
  A frilled lizard (D:3)
4 creatures vanquished.

Grand Total: 6 creatures vanquished

Notes
Turn   | Place    | Note
-------+----------+-------------------------------------------
     0 | D:1      | gzilladon the Hill Orc Monk began the quest for the Orb.
     0 | D:1      | Reached XP level 1. HP: 19/19 MP: 1/1
    22 | D:1      | Reached XP level 2. HP: 6/27 MP: 2/2
   303 | D:3      | Became a worshipper of Beogh the Brigand
   303 | D:3      | Reached * piety under Beogh
   303 | D:3      | Reached ** piety under Beogh
   315 | D:3      | HP: 1/27 [poisoned by an adder]
   315 | D:3      | Slain by an adder

Illustrated notes

Levels and vault maps discovered:
D:1:      psy_arrival_basics, layout_basic
D:2:      layout_loops_ring, serial_forest, infiniplex_forest_straight_4,
          infiniplex_forest_straight_2, infiniplex_forest_straight_3,
          infiniplex_forest_pool, infiniplex_forest_lined_3_way,
          infiniplex_forest_lined_3, infiniplex_forest_clump_small,
          infiniplex_forest_join, infiniplex_forest_split,
          infiniplex_forest_straight_3
D:3:      cheibrodos_helix_gallery, layout_loops_ring, serial_shops, shop

Action                   || total
-------------------------++-------
Melee: Hand axe          ||     8
Invok: Convert to Beogh  ||     1
  Use: Potion            ||     1
Armor: Robe              ||     7
Dodge: Dodged            ||    32

Table legend: (Time is in decaauts)
 A = Elapsed time spent in this place.
 B = Non-inter-level travel time spent in this place.
 C = Inter-level travel time spent in this place.
 D = Time resting spent in this place.
 E = Time spent auto-exploring this place.
 F = Levels seen in this place.
 G = Mean time per level.
                   A        B        C        D        E       F      G
               +--------+--------+--------+--------+--------+-----+--------+
         Total |    316 |    316 |      0 |    232 |      0 |   3 |  105.3 |
       Dungeon |    316 |    316 |      0 |    232 |      0 |   3 |  105.3 |
               +--------+--------+--------+--------+--------+-----+--------+

Top non-repeatable levels by time:
     D:1: 293 daAuts
     D:3: 11 daAuts
     D:2: 11 daAuts
